cohdb
Replays
Latest Replays
All Replays
Popular Replays
Top Player Replays
Match Explorer
How It Works
Community
CoH3 Stats
Reddit
Sign in to upload your games and track your stats! →
Sign in with Steam
Match 41822093
Unlisted
Match 41822093
Overview
Messages
Build Orders
End
Kradschützen Motorcycle Team
Selects Armored Support Battlegroup
Panzergrenadier Squad
Panzergrenadier Squad
Panzergrenadier Squad
Construct Light Support Kompanie
Fire Support Elements
Flakvierling Half-track
2.5-tonne Medical Truck
MG34 Team
Panzerjäger Mechanized Group
Assault Grenadier Squad
Selects Veteran Gunners
Selects Flammpanzer III Medium Tank
Construct Mechanized Kompanie
StuG III D Assault Gun
crom
BIOHAZARD
0
0
Comments
sign in to comment!
No comments posted yet!